 Dungeon Crawl Stone Soup version 0.29.1-12-g30fa7ad0bf (webtiles) character file.

Game seed: 17261902123299778631

18092 FexLirch the Covert (level 12, -6/71 HPs)
             Began as a Tengu Air Elementalist on Jan 13, 2023.
             Was an Initiate of Gozag.
             Mangled by an eight-headed hydra (12 damage)
             ... on level 10 of the Dungeon.
             The game lasted 00:48:56 (18871 turns).

FexLirch the Covert (Tengu Air Elementalist)       Turns: 18871, Time: 00:48:57

Health: -6/71      AC: 17    Str:  9    XL:     12   Next: 54%
Magic:  5/23       EV: 18    Int: 18    God:    Gozag
Gold:   1429       SH:  0    Dex: 17    Spells: 7/24 levels left

rFire   . . .      SeeInvis .   G - +7 Spriggan's Knife {stab, EV+4 Stlth+}
rCold   . . .      Faith    .   (no shield)
rNeg    . . .      Spirit   .   K - +5 ring mail of the Game of Kings {Will++}
rPois   .          Reflect  .   (helmet restricted)
rElec   .          Harm     .   v - +0 cloak
rCorr   .          Rampage  .   n - +1 pair of gloves
Will    ++...                   (boots unavailable)
Stlth   +++++.....              (no amulet)
HPRegen 0.21/turn               C - +4 ring of protection
MPRegen 0.18/turn               E - ring of wizardry

@: flying quickly and evasively, quick
A: beak, talons 3, nimble flight
a: Renounce Religion, Potion Petition, Call Merchant, Bribe Branch


You were on level 10 of the Dungeon.
You worshipped Gozag.
Gozag was most pleased with you.
You visited 3 branches of the dungeon, and saw 16 of its levels.

You collected 2469 gold pieces.
You spent 962 gold pieces at shops.
You paid 78 gold pieces to Gozag.

Inventory:

Hand Weapons
 u - a +3 trident of holy wrath
 G - the +7 Spriggan's Knife (weapon) {stab, EV+4 Stlth+}
   (You bought it in a shop on level 2 of the Dungeon)

   It is more effective when stabbing unaware enemies, sometimes treating them
   as though they were completely helpless.
   EV:        It affects your evasion (+4).
   Stlth:     It makes you more stealthy.
Missiles
 y - a throwing net
Armour
 n - a +1 pair of gloves (worn)
 v - a +0 cloak (worn)
 x - an orb of wrath
 K - the +5 ring mail of the Game of Kings (worn) {Will++}
   (You found it on level 9 of the Dungeon)

   Will:      It greatly increases your willpower.
Magical Staves
 N - a staff of fire
 P - a staff of death
Jewellery
 c - a ring of protection from cold
 l - an amulet of reflection
 w - a +4 ring of protection
 A - the ring "Zinluich" {Fly rF+}
   (You found it on level 7 of the Dungeon)

   [ring of protection from fire]

   rF:        It protects you from fire.
   Fly:       It grants you flight.
 C - a +4 ring of protection (left hand)
 E - a ring of wizardry (right hand)
 J - a ring of protection from fire
Scrolls
 d - a scroll of amnesia {unknown}
 e - 11 scrolls of teleportation
 f - a scroll of acquirement {unknown}
 g - 3 scrolls of fear
 h - 2 scrolls of immolation {unknown}
 i - 5 scrolls of butterflies
 j - 4 scrolls of blinking
 m - 2 scrolls of noise
 r - a scroll of torment
 B - 2 scrolls of vulnerability
 D - a scroll of silence
 F - 3 scrolls of brand weapon
 M - a scroll of enchant weapon
Potions
 a - 3 potions of lignification
 b - 6 potions of magic
 k - 2 potions of berserk rage
 o - 3 potions of attraction
 p - 2 potions of cancellation
 s - a potion of flight {unknown}
 t - a potion of resistance
 z - a potion of mutation
 H - a potion of heal wounds {unknown}
 I - 6 potions of curing
 L - 2 potions of ambrosia
 O - a potion of haste
 Q - a potion of invisibility {unknown}
Miscellaneous
 q - a phantom mirror (inert)


   Skills:
 + Level 6.6 Fighting
 + Level 9.9 Short Blades
 + Level 5.5 Dodging
 + Level 9.9 Stealth
 + Level 6.9 Spellcasting
 - Level 5.9 Conjurations
 + Level 4.0 Hexes
 + Level 4.5 Translocations
 + Level 4.9 Ice Magic
 - Level 7.4 Air Magic


You had 7 spell levels left.
You knew the following spells:

 Your Spells              Type           Power      Damage    Failure   Level
a - Shock                 Conj/Air       100%       1d9       1%          1
b - Static Discharge      Conj/Air       30%        3-7/arc   1%          2
c - Swiftness             Air            33%        N/A       1%          3
d - Airstrike             Air            16%        2d(3-19)  6%          4
e - Ensorcelled Hibernat  Hex/Ice        44%        N/A       2%          2
f - Blink                 Tloc           44%        N/A       2%          2
g - Gell's Gravitas       Tloc           22%        N/A       6%          3

Your spell library contained the following spells:

 Spells                   Type           Power      Damage    Failure   Level
 Freeze                   Ice            96%        1d11      1%          1
 Frozen Ramparts          Ice            48%        1d8       4%          3
 Teleport Other           Tloc           22%        N/A       6%          3
 Conjure Flame            Conj/Fire      16%        6-21      11%         3
 Beastly Appendage        Tmut           12%        N/A       12%         1
 Hailstorm                Conj/Ice       25%        3d7       13%         4
 Wereblood                Tmut           6%         N/A       19%         2
 Iskenderun's Battlesphe  Conj           27%        2d8       28%         5
 Sticky Flame             Conj/Fire      16%        2d4       32%         4
 Ignite Poison            Fire/Tmut/Pois 6%         N/A       34%         3
 Spider Form              Tmut/Pois      6%         N/A       34%         3
 Anguish                  Hex/Necr       6%         N/A       45%         4
 Manifold Assault         Tloc           22%        N/A       45%         5
 Summon Forest            Summ/Tloc      7%         N/A       77%         5
 Summon Mana Viper        Hex/Summ       13%        N/A       78%         5
 Dispersal                Tloc           11%        N/A       94%         6
 Iron Shot                Conj/Erth      8%         9d3       99%         6
 Summon Cactus Giant      Summ           3%         N/A       100%        6
 Spellforged Servitor     Conj/Summ      8%         N/A       100%        7
 Storm Form               Tmut/Air       9%         N/A       100%        7


Dungeon Overview and Level Annotations

Branches:
Dungeon (14/15)            Temple (1/1) D:6            Lair (1/5) D:10
    Orc (0/2) D:10
 Vaults: D:13-14

Altars:
Ashenzari
Cheibriados
Dithmenos
Elyvilon
Fedhas
Gozag
Hepliaklqana
Kikubaaqudgha
Makhleb
Nemelex Xobeh
Okawaru
Qazlal
Ru
Sif Muna
Trog
Uskayaw
Vehumet
Wu Jian
Xom
Yredelemnul
Zin
The Shining One
Jiyva

Shops:
D:2 *   D:6 ?   D:10 :

Annotations:
D:10 2 transporters


Innate Abilities, Weirdness & Mutations

You have a beak for a mouth.
You have claws for feet.
Your magical nature lets you fly swiftly and evasively.


Message History

The eight-headed hydra is no longer distracted by gold.
You peck the eight-headed hydra.
The eight-headed hydra is lightly wounded.
The eight-headed hydra bites you! x2; The eight-headed hydra misses you.
The eight-headed hydra barely misses you.
The eight-headed hydra closely misses you.
The eight-headed hydra bites you!
* * * LOW HITPOINT WARNING * * *
The eight-headed hydra completely misses you.
The eight-headed hydra barely misses you.
Casting: Blink (safe; 2% risk of failure)
Confirm with . or Enter, or press ? or * to list all spells.
You blink.
Casting: Blink (safe; 2% risk of failure)
Confirm with . or Enter, or press ? or * to list all spells.
Aiming: Airstrike (dangerous; 6% risk of failure)
Press: ? - help, Dir - move target, f - eight-headed hydra
Aim: an eight-headed hydra (translocational energy, lightly wounded, empty space bonus: 5/8)
The air twists around and strikes the eight-headed hydra!!
The eight-headed hydra is moderately wounded.
You feel stable enough to blink again.
Casting: Airstrike (dangerous; 6% risk of failure)
Confirm with . or Enter, or press ? or * to list all spells.
Aiming: Ensorcelled Hibernation (safe; 2% risk of failure)
Press: ? - help, Shift-Dir - straight line, f/p - eight-headed hydra
Aim: an eight-headed hydra (moderately wounded, chance to affect: 21%)
The eight-headed hydra looks drowsy...
Your magical contamination has completely faded away.
The eight-headed hydra roars!
The eight-headed hydra misses you. The eight-headed hydra bites you.
* * * LOW HITPOINT WARNING * * *
The eight-headed hydra misses you.
The eight-headed hydra bites you but does no damage.
The eight-headed hydra closely misses you.
The eight-headed hydra bites you!
* * * LOW HITPOINT WARNING * * *
The eight-headed hydra closely misses you.
The eight-headed hydra bites you!
You die...
Your body crumbles into a pile of gold.

#################################
......................>..........
..............#............#)....
#..###..###...#..##........#.....
.................##...........).)
................@D.......###'#..)
......#.....##########.#.#...#...
............# #...#...#...
............####### #>..'...#...
####..............# #.#.#...#...
..................# #...#...#...
..##'###.#........# #...#...#...
..#....#.#....#...# #.#.#...#...
...##..#..........####...###.#...


You could see an eight-headed hydra.

Vanquished Creatures
  A hydra (D:12)
  3 two-headed ogres
  A wizard (D:11)
  An ugly thing (D:12)
  A manticore (D:11)
  A gargoyle (D:12)
  Psyche (D:8)
  2 unseen horrors
  3 komodo dragons (D:11)
  2 trolls
  Prince Ribbit (D:8)
  2 hornets
  A water elemental (D:12)
  2 wraiths (D:11)
  12 yaks
  A vampire (D:11)
  5 large abominations (D:11)
  A steam dragon (D:8)
  A warg (D:10)
  3 water moccasins
  7 small abominations (D:11)
  An ice beast (D:5)
  2 black bears
  4 orc warriors
  A sky beast (D:6)
  An ogre (D:4)
  2 wolves (Lair:1)
  8 centaurs
  A phantom (D:4)
  5 kobold brigands
  4 bullfrogs
  5 gnoll sergeants
  2 scorpions
  23 wights
  11 killer bees
  6 electric eels
  5 howler monkeys
  5 orc priests
  4 jellies
  2 hounds
  4 iguanas
  Terence (D:2)
  14 orc wizards
  27 gnolls
  8 adders
  A shadow imp (D:5)
  4 white imps
  An ufetubus (D:5)
  4 worms
  7 dart slugs
  30 orcs
  7 ball pythons
  5 bats
  6 endoplasms
  4 giant cockroaches
  12 goblins
  13 hobgoblins
  2 jackals (D:5)
  23 kobolds
  3 quokkas
  3 frilled lizards
  6 rats
329 creatures vanquished.

Vanquished Creatures (collateral kills)
  A hydra (D:12)
1 creature vanquished.

Vanquished Creatures (others)
  A kobold demonologist (D:12)
  19 plants
20 creatures vanquished.

Grand Total: 350 creatures vanquished

Notes
Turn   | Place    | Note
-------+----------+-------------------------------------------
     0 | D:1      | FexLirch the Tengu Air Elementalist began the quest for the
                  | Orb.
     0 | D:1      | Reached XP level 1. HP: 10/10 MP: 4/4
   115 | D:1      | Reached XP level 2. HP: 15/15 MP: 1/6
   720 | D:1      | Reached XP level 3. HP: 19/19 MP: 4/7
  1195 | D:1      | Found a faded altar of an unknown god.
  1370 | D:2      | Learned a level 2 spell: Static Discharge
  1374 | D:2      | Learned a level 3 spell: Swiftness
  1560 | D:2      | Reached XP level 4. HP: 24/24 MP: 7/9
  1595 | D:2      | Reached skill level 5 in Air Magic
  1656 | D:2      | Found Tigeteji's General Store.
  2070 | D:2      | Noticed Terence
  2481 | D:2      | Killed Terence
  2482 | D:2      | Reached skill level 1 in Short Blades
  2482 | D:2      | Gained mutation: Your magical nature lets you fly swiftly
                  | and evasively. [Tengu growth]
  2482 | D:2      | Reached XP level 5. HP: 26/28 MP: 2/10
  3597 | D:3      | Found a stormy altar of Qazlal.
  4190 | D:4      | Noticed a black bear
  4196 | D:4      | Killed a black bear
  4197 | D:4      | Reached skill level 1 in Fighting
  4197 | D:4      | Reached XP level 6. HP: 34/34 MP: 4/11
  4617 | D:4      | Learned a level 4 spell: Airstrike
  4858 | D:4      | Reached XP level 7. HP: 34/38 MP: 3/13
  5469 | D:5      | Entered Level 5 of the Dungeon
  5765 | D:5      | Found a shadowy altar of Dithmenos.
  5892 | D:5      | Reached XP level 8. HP: 36/44 MP: 4/14
  6474 | D:5      | Reached skill level 5 in Stealth
  6666 | D:5      | Reached skill level 5 in Conjurations
  7238 | D:6      | Reached skill level 5 in Short Blades
  7735 | D:6      | Reached XP level 9. HP: 51/51 MP: 3/16
  7863 | D:6      | Found Dof Niq's Magic Scroll Shoppe.
  8303 | D:6      | Found a staircase to the Ecumenical Temple.
  8312 | Temple   | Entered the Ecumenical Temple
  8361 | Temple   | Became a worshipper of Gozag Ym Sagoz the Greedy
  8952 | D:7      | Learned a level 2 spell: Ensorcelled Hibernation
  9191 | D:7      | Identified the ring "Zinluich" {Fly rF+}
  9659 | D:7      | Reached skill level 1 in Translocations
  9721 | D:7      | You are sucked into a shaft and drop 1 floor!
  9829 | D:8      | Reached skill level 1 in Ice Magic
  9834 | D:8      | Noticed Psyche
  9862 | D:8      | Killed Psyche
  9863 | D:8      | Reached skill level 1 in Hexes
  9869 | D:8      | Noticed Prince Ribbit
 10093 | D:7      | Reached skill level 5 in Spellcasting
 10093 | D:7      | Reached XP level 10. HP: 57/57 MP: 5/18
 10904 | D:8      | Learned a level 2 spell: Blink
 10957 | D:8      | Killed Prince Ribbit
 10972 | D:8      | Found a bloodstained altar of Trog.
 11834 | D:9      | Noticed a two-headed ogre
 12094 | D:9      | Identified the +5 ring mail of the Game of Kings {Will++}
 12539 | D:9      | Noticed a two-headed ogre
 12774 | D:9      | Killed a two-headed ogre
 13220 | D:9      | Killed a two-headed ogre
 13221 | D:9      | Reached skill level 5 in Fighting
 13221 | D:9      | Reached XP level 11. HP: 63/63 MP: 7/20
 13926 | D:2      | Bought the +7 Spriggan's Knife {stab, EV+4 Stlth+} for 826
                  | gold pieces
 13926 | D:2      | Found the +7 Spriggan's Knife {stab, EV+4 Stlth+}
 13933 | D:2      | Bought a scroll of blinking for 97 gold pieces
 13933 | D:2      | Bought a potion of curing for 39 gold pieces
 14068 | D:10     | Entered Level 10 of the Dungeon
 14087 | D:10     | Found a staircase to the Orcish Mines.
 14205 | D:10     | Found an ornate altar of the Wu Jian Council.
 14280 | D:10     | Found a sacrificial altar of Ru.
 14666 | D:10     | Noticed a manticore
 14697 | D:10     | Found Qudeg's Vocational Training.
 15192 | D:10     | Found a viscous altar of Jiyva.
 15203 | D:10     | Found a staircase to the Lair.
 15375 | D:10     | Found a glowing golden altar of the Shining One.
 15426 | D:10     | Found a shimmering blue altar of Sif Muna.
 15435 | D:10     | Found a snail-covered altar of Cheibriados.
 15528 | D:10     | Found a shimmering altar of Xom.
 15530 | D:10     | Found an opulent altar of Gozag.
 15530 | D:10     | Found a bloodstained altar of Trog.
 15532 | D:10     | Found a broken altar of Ashenzari.
 15532 | D:10     | Found a hide-covered altar of Uskayaw.
 15532 | D:10     | Found a sparkling altar of Nemelex Xobeh.
 15625 | D:10     | Found a transporter.
 15634 | D:10     | Found a transporter.
 15634 | D:10     | Noticed a glowing orange brain
 16237 | D:11     | Noticed a wizard
 16241 | D:11     | Killed a wizard
 16530 | D:11     | Noticed a manticore
 16538 | D:11     | Killed a manticore
 16817 | D:11     | Reached XP level 12. HP: 70/70 MP: 9/22
 17325 | D:11     | Reached skill level 5 in Dodging
 17355 | D:11     | Identified the +4 mace "Secret Weapon" {vorpal, rN+ rCorr
                  | Str+10 Dex-4}
 17485 | D:12     | Noticed a two-headed ogre
 17489 | D:12     | Killed a two-headed ogre
 17489 | D:12     | Noticed a seven-headed hydra
 17811 | D:12     | Killed a seven-headed hydra
 17974 | D:12     | Noticed a centaur warrior
 17996 | D:12     | Learned a level 3 spell: Gell's Gravitas
 18482 | D:13     | Noticed a five-headed hydra
 18495 | D:12     | Killed a five-headed hydra
 18828 | Lair:1   | Entered Level 1 of the Lair of Beasts
 18837 | Lair:1   | Noticed an eight-headed hydra
 18871 | D:10     | Mangled by an eight-headed hydra

Illustrated notes

Levels and vault maps discovered:
D:1:      mushboom_english_gardens, layout_loops_ring,
          shapermc_ecumenical_altar_pompeii, minmay_quantized
D:2:      layout_basic, serial_shops, nicolae_shop_crystal,
          dreamdust_princess_bridge, uniq_terence
D:3:      minmay_skewed_foursquare, layout_loops_cross,
          mainiacjoe_overflow_catwalk
D:4:      layout_loops_ring, kennysheep_generic_room_2
D:5:      layout_basic, lemuel_crystal_altar, kennysheep_generic_room_8
D:6:      layout_gridville, minmay_temple_entry_poolview, serial_shops, shop
D:7:      layout_gridville
D:8:      layout_loops_ring, lightli_temple_of_fire, small_statue_intersection,
          uniq_psyche, uniq_prince_ribbit1
D:9:      layout_gridville, grunt_ministairs_11
D:10:     gammafunk_jiyva_shrine, layout_stronghold, doesnt_xom_only_xom,
          mainiacjoe_overflow_catwalk_spiral, tso_oasis_becter,
          mainiacjoe_overflow_big_doors, david_orc_3, nicolae_shop_vocational
D:11:     layout_cave_pools, serial_bayou, serial_bayou_lagoon_a,
          serial_bayou_pond_d, serial_bayou_shore_b, serial_bayou_ford_a,
          laboratory
D:12:     layout_roguey, water_maze_lemuel
D:13:     layout_cave_pools, hangedman_vaults_entry_quadrant_bands
D:14:     minmay_the_grid_triangle_9x9_line_8_mashed
          [minmay_the_grid_triangle_9x9_zippers_horizontal,
          minmay_the_grid_triangle_9x9_wacky_v,
          minmay_the_grid_triangle_9x9_shrine,
          minmay_the_grid_triangle_9x9_longest,
          minmay_the_grid_triangle_9x9_cache,
          minmay_the_grid_triangle_9x9_thin_v,
          minmay_the_grid_triangle_9x9_semitri,
          minmay_the_grid_triangle_9x9_prize_schism], layout_basic,
          chequers_serial_rivers_small_a, uniq_agnes, uniq_snorg
Temple:   dshaligram_water_room_temple
Lair:1:   hellmonk_destroyed_diamonds, layout_cave_shapes, serial_bayou_shore_a

Skill      XL: |  1  2  3  4  5  6  7  8  9 10 11 12 |
---------------+-------------------------------------+-----
Conjurations   | 2 3 4 5 |  5.9
Air Magic      | 5 6 7 |  7.4
Short Blades   | 1 2 3 4 5 7 8 9 |  9.9
Spellcasting   | 3 4 5 6 |  6.9
Fighting       | 1 2 3 4 5 6 |  6.6
Stealth        | 3 4 6 7 8 9 |  9.9
Translocations | 1 2 3 4 |  4.5
Ice Magic      | 1 3 4 |  4.9
Hexes          | 1 2 3 4 |  4.0
Dodging        | 3 4 5 |  5.5

Action                   |  1- 3 |  4- 6 |  7- 9 | 10-12 || total
-------------------------+-------+-------+-------+-------++-------
Melee: Unarmed           |    19 |       |       |       ||    19
       Kick              |     8 |     2 |     7 |    34 ||    51
       Peck              |     1 |     3 |     2 |    18 ||    24
       Punch             |     1 |       |       |     2 ||     3
       Dagger            |       |    11 |    20 |    22 ||    53
       Knife             |       |       |       |    90 ||    90
 Cast: Shock             |    59 |    86 |   143 |    60 ||   348
       Static Discharge  |       |    26 |    49 |   101 ||   176
       Swiftness         |       |     2 |     1 |     2 ||     5
       Airstrike         |       |       |    17 |    66 ||    83
       Ensorcelled Hiber |       |       |       |    18 ||    18
       Blink             |       |       |       |     7 ||     7
       Gell's Gravitas   |       |       |       |     5 ||     5
Evoke: Phantom mirror    |       |       |       |     1 ||     1
  Use: Scroll            |       |     5 |     3 |    15 ||    23
       Potion            |       |       |     1 |       ||     1
 Stab: Sleeping          |       |     1 |     4 |    29 ||    34
       Distracted        |       |       |       |     5 ||     5
Armor: Robe              |     5 |     4 |     1 |       ||    10
       Leather armour    |       |       |    17 |     4 ||    21
       Ring mail         |       |       |       |    64 ||    64
Dodge: Dodged            |    11 |    24 |    46 |   121 ||   202
